 Dungeon Crawl Stone Soup version 0.18.1-1-g2f07953 (webtiles) character file.

47 Eucla the Grave Robber (level 3, -2/19 HPs)
             Began as a Deep Elf Necromancer on May 8, 2016.
             Slain by a goblin (3 damage)
             ... led by Robin
             ... on level 2 of the Dungeon.
             The game lasted 00:01:20 (515 turns).

Eucla the Grave Robber (Deep Elf Necromancer)        Turns: 515, Time: 00:01:21

Health: -2/19      AC:  2    Str:  5    XL:     3   Next: 48%
Magic:  6/10       EV: 13    Int: 20    God:
Gold:   51         SH:  0    Dex: 15    Spells: 2 memorised, 7 levels left

rFire  . . .     SeeInvis .     (no weapon)
rCold  . . .     Gourm    .     a - +0 robe
rNeg   . . .     Faith    .     (no shield)
rPois  .         Spirit   .     (no helmet)
rElec  .         Dismiss  .     (no cloak)
rCorr  .         Reflect  .     (no gloves)
SustAt .         Harm     .     (no boots)
MR     .....                    (no amulet)
Stlth  ++........               (no ring)
                                (no ring)

@: not resistant to hostile enchantments, unstealthy
A: no striking features
a: no special abilities


You were on level 2 of the Dungeon.
You were not hungry.

You visited 1 branch of the dungeon, and saw 2 of its levels.

You collected 51 gold pieces.

Inventory:

Armour
 a - a +0 robe (worn)
Scrolls
 d - 2 scrolls of identify {unknown}
 f - a scroll of recharging {unknown}
 g - a scroll of teleportation {unknown}
 h - a scroll of magic mapping {unknown}
 m - a scroll of random uselessness {unknown}
 n - a scroll of fear {unknown}
Potions
 e - a potion of curing {unknown}
 i - 2 potions of cancellation {unknown}
 j - a potion of brilliance {unknown}
Books
 b - a book of Necromancy

   Spells                             Type                      Level
   a - Pain                           Necromancy                   1
   b - Animate Skeleton               Necromancy                   1
   c - Vampiric Draining              Necromancy                   3
   d - Regeneration                   Charms/Necromancy            3
   e - Animate Dead                   Necromancy                   4
   f - Control Undead                 Necromancy                   4
Comestibles
 c - a bread ration
 k - a beef jerky
 l - a meat ration
 o - a chunk of flesh


   Skills:
 - Level 2.4 Dodging
 - Level 2.4 Stealth
 + Level 3.8 Spellcasting
 * Level 5.9 Necromancy


You had 7 spell levels left.
You knew the following spells:

 Your Spells              Type           Power        Failure   Level  Hunger
a - Pain                  Necr           ####         1%          1    None
b - Animate Skeleton      Necr           N/A          1%          1    None


Dungeon Overview and Level Annotations

Branches:
Dungeon (2/15)

Altars:

Annotations:
D:2 Robin


Message History

Aim: a giant newt (chance to defeat MR: 96%)
The giant newt convulses in agony!
You kill the giant newt!
Robin shouts!
Robin roars a battlecry!
A hobgoblin comes into view. It is wielding a club.
Unknown command. 2 goblins come into view.
The goblin shouts!
Robin throws the goblin at you!
* * * LOW HITPOINT WARNING * * *
The goblin shouts!
The goblin barely misses you.
You hear a shout!
A goblin comes into view.
The goblin shouts!
You hear a shout!
The goblin shouts!
You hear a shout!
Unknown command.
Robin throws the goblin at you! The goblin completely misses you.
The hobgoblin moves out of view.
The goblin hits you.
You die...

#..>..# ########.....#
#.....Z......#
########..#..########
............#...#
..######....##...#
........#.......#
######.........ggZ####
..#.(......#....@....#
#.#..######..###.........
...)## #...# ####.†#...
#..## ..#.# #.# .. ..##
.# ... #.# .# .g. #...
..g. ###.# ..g ..#


You could see Robin, 3 goblins and a friendly hobgoblin skeleton.

Vanquished Creatures
  Jessica (D:2)
  A dart slug (D:2)
  2 giant geckos (D:1)
  A giant cockroach (D:2)
  5 goblins
  2 hobgoblins (D:2)
  A bat (D:2)
  A giant newt (D:2)
  2 kobolds
  A rat (D:1)
17 creatures vanquished.

Notes
Turn   | Place    | Note
--------------------------------------------------------------
     0 | D:1      | Eucla the Deep Elf Necromancer began the quest for the Orb.
     0 | D:1      | Reached XP level 1. HP: 10/10 MP: 6/6
    12 | D:1      | Reached skill level 5 in Necromancy
    75 | D:1      | You fall through a shaft!
   361 | D:2      | Reached XP level 2. HP: 13/15 MP: 5/8
   379 | D:2      | Noticed Jessica
   384 | D:2      | Killed Jessica
   384 | D:2      | Reached XP level 3. HP: 14/19 MP: 5/10
   458 | D:2      | Noticed Robin
   476 | D:2      | Learned a level 1 spell: Animate Skeleton
   515 | D:2      | Slain by a goblin

Skill      XL: |  1 |
---------------+----+-----
Necromancy     | 5 |  5.9
Dodging        | |  2.4
Stealth        | |  2.4
Spellcasting   | |  3.8

Action                   || total
-------------------------++-------
 Cast: Pain              ||    30
       Animate Skeleton  ||     1
Armor: Robe              ||     1
Dodge: Dodged            ||     5
